Map: 匹昂台地

Players

shengy - Winner!

  • Race: Zerg Zerg
  • League: Gold

ClashCJR

  • Race: Zerg Zerg
  • League: Gold

VOD

Have the link to the VOD?

Description

Time

  • Played on: Nov. 25, 2015, 9:52 p.m.
  • Length: 5:32
Show
View Real Time Build Order
Export as new Build Order

shengy Zerg - Winner!

Build Orders: Hatch First 

Get SALT Encoding   

  12  0:01  Drone  
  13  0:08  Drone  
  14  0:19  Overlord  
  14  0:37  Drone x3  
  17  1:01  Hatchery  
  16  1:06  Drone x2  
  16  1:10  Extractor  
  17  1:13  Drone  
  18  1:27  Spawning Pool  
  17  1:48  Overlord x2  
  17  2:15  Zergling x8  
  21  2:16  Queen  
  21  2:18  Spine Crawler  
  19  2:41  Zergling x4  
  19  2:42  Zergling x2  
  20  3:17  Zergling x2  
  20  3:18  Zergling x4  
  21  3:29  Drone x4  
  25  3:42  Metabolic Boost  
  25  4:02  Queen  
  25  4:03  Baneling Nest, Zergling x2  
  25  4:04  Zergling x2  
  25  4:06  Zergling x2  
  29  4:19  Spine Crawler  
  27  4:39  Overlord  
  27  5:02  Baneling x2  
  27  5:03  Baneling x2  
  27  5:05  Zergling x10  
  27  5:06  Zergling x10  
Show
View Real Time Build Order
Export as new Build Order

ClashCJR Zerg 

Build Orders: Pool Only 

Get SALT Encoding   

  12  0:23  Spawning Pool  
  12  0:25  Drone  
  12  0:27  Drone  
  13  0:31  Drone  
  13  0:34  Extractor  
  13  0:43  Overlord  
  13  1:09  Queen  
  13  1:11  Zergling x6  
  18  1:22  Baneling Nest  
  17  1:26  Zergling x2  
  18  1:36  Zergling x2  
  19  1:44  Zergling x2  
  20  2:06  Zergling x4  
  22  2:15  Baneling  
  22  2:16  Baneling  
  22  2:29  Overlord  
  20  2:37  Zergling x2  
  20  2:52  Zergling x6  
  21  3:03  Baneling x2  
  21  3:05  Zergling x2  
  22  3:18  Zergling x2  
  21  3:28  Zergling x2  
  20  3:49  Zergling x4  
  22  3:57  Baneling x2  
  22  4:10  Zergling x4  
  24  4:22  Zergling x2  
  24  4:29  Zergling x2  
  25  4:41  Zergling x2  
  25  4:42  Zergling x4  
Tags
 
Add a new tag
Caveats
  • Supply blocks, unpowered buildings, or Contaminate may cause inaccurate times.
  • Supply counts are checked every 10 seconds.